 Dungeon Crawl Stone Soup version 0.31-b1-12-gca42e3d1b8 (webtiles) character file.

Game seed: 3363271247616328917

30 Arctor the Trooper (level 3, -1/8 HPs)
             Began as a Human Fighter on Jan 14, 2024.
             Slain by an adder (2 damage)
             ... on level 2 of the Dungeon.
             The game lasted 00:01:26 (790 turns).

Arctor the Trooper (Human Fighter)                   Turns: 790, Time: 00:01:27

Health: -1/8       AC:  0    Str: 18    XL:     3   Next: 20%
Magic:  3/3        EV: 15    Int:  8    God:
Gold:   30         SH:  0    Dex: 12    Spells: 2/2 levels left

rFire   . . .        a - melded +0 war axe
rCold   . . .        c - melded +0 buckler
rNeg    . . .        b - melded +0 scale mail
rPois   .            (no helmet)
rElec   .            (no cloak)
rCorr   .            (no gloves)
SInv    .            (no boots)
Will    +....        (no amulet)
Stlth   +            l - ring of willpower
HPRegen 0.21/turn    (no ring)
MPRegen 0.08/turn

%: no passive effects
@: mighty, lethally poisoned (-1 -> -4), flux-form, glowing
A: glow, contaminating, reduced hp, explore regen
a: Begin Untransformation


You were on level 2 of the Dungeon.
You were something dangerously unstable.
You visited 1 branch of the dungeon, and saw 2 of its levels.

You collected 30 gold pieces.

Inventory:

Hand Weapons
 a - a +0 war axe (melded)
Armour
 b - a +0 scale mail (melded)
 c - a +0 buckler (melded)
Jewellery
 l - a ring of willpower (left hand)
Talismans
 n - a flux talisman (active)
Scrolls
 e - a scroll of teleportation {unknown}
 f - a scroll of noise {unknown}
 g - a scroll of amnesia {unknown}
 h - 2 scrolls of identify {unknown}
 i - a scroll of vulnerability {unknown}
 o - a scroll of poison {unknown}
Potions
 j - a potion of brilliance {unknown}
 k - a potion of magic {unknown}
 m - a potion of heal wounds {unknown}


   Skills:
 + Level 3.3 Fighting
 + Level 2.4 Axes
 + Level 3.3 Armour
 + Level 3.3 Shields


You had 2 spell levels left.
You didn't know any spells.
Your spell library contained the following spells:

 Spells                   Type           Power      Damage    Failure   Level
 Cigotuvi's Dreadful Rot  Necr/Alch/Air  0%         N/A       54%         2
 Ignite Poison            Fire/Alch      0%         N/A       99%         4
 Freezing Cloud           Conj/Ice/Air   0%         6-21      100%        5


Dungeon Overview and Level Annotations

Branches:
Dungeon (2/15)

Altars:


Innate Abilities, Weirdness & Mutations

You are something dangerously unstable.
You glow with magical radiation, making you easy to see and hit.
Foes you strike become dangerously contaminated with magical radiation.
Your maximum health is decreased, since you lack skill for your form.
You are incapable of wielding weapons or throwing items.
You regain HP and MP as you explore.


Message History

Partly explored, can't reach some places.
No target in view!
Partly explored, can't reach some places.
There is an open door here.
You see here a +0 barding.
Partly explored, can't reach some places.
Partly explored, can't reach some places.
What level of the Dungeon? (default 1, ? - help)
Okay, then.
What level of the Dungeon? (default 1, ? - help) As you open the door, it creaks loudly!
Partly explored, can't reach some places.
Partly explored, can't reach some places.
What level of the Dungeon? (default 2, ? - help)
Okay, then.
What level of the Dungeon? (default 2, ? - help)
There is an open door here.
There is a stone staircase leading down here.
You climb downwards.
Found a glowing whip, a trident and a scroll labelled JEMYCE VOTHRINK.
There is a stone staircase leading up here.
You see here a +2 whip of venom.
Found a gnarled glowing staff.
o - a scroll labelled JEMYCE VOTHRINK You see here a +0 trident.
An adder comes into view.
Found 8 gold pieces.
The adder hisses angrily.
You closely miss the adder. The adder barely misses you. The adder bites you.
You closely miss the adder. The adder bites you.
You miss the adder. The adder bites you.
You are lethally poisoned!
The adder poisons you!
You barely miss the adder.
* * * LOW HITPOINT WARNING * * *
You feel sick. The adder completely misses you. The adder barely misses you.
You feel very mighty all of a sudden.
* * * LOW HITPOINT WARNING * * *
You feel sick. The adder bites you.
You die...

.... #.# ... # #.#
#.# .### #.#
####.##...# #.#
#.........##
##.####........$..
#....##....|.....#
#.....)...pS.....#
#.<..............#
#..)........###..#
###.....##### #
#.....# #.....#
#.....# #.....#
#.....#


You could see an adder.

Vanquished Creatures
  2 dart slugs (D:1)
  4 endoplasms (D:1)
  A giant cockroach (D:1)
  2 goblins (D:1)
  4 hobgoblins (D:1)
  2 kobolds (D:1)
  A quokka (D:1)
  A ball python (D:1)
  4 bats (D:1)
  A frilled lizard (D:1)
  A rat (D:1)
23 creatures vanquished.

Notes
Turn   | Place    | Note
-------+----------+-------------------------------------------
     0 | D:1      | Arctor the Human Fighter began the quest for the Orb.
     0 | D:1      | Reached XP level 1. HP: 18/18 MP: 1/1
   116 | D:1      | Reached XP level 2. HP: 21/24 MP: 2/2
   542 | D:1      | Reached XP level 3. HP: 23/29 MP: 3/3
   790 | D:2      | Slain by an adder

Illustrated notes

Levels and vault maps discovered:
D:1:      eino_arrival_cavern_b, layout_basic, nicolae_eternal_life,
          minmay_misc_feat_diagonals, minmay_ruptured
D:2:      kennysheep_six_static_rooms, layout_rooms, minmay_liquid_box

Action                     || total
---------------------------++-------
  Melee: War axe           ||    71
         Unarmed           ||     4
    Use: Potion            ||     1
 Armour: Scale mail        ||    61
         Skin              ||     4
  Dodge: Dodged            ||    27
  Block: Buckler           ||    19
   Form: Flux              ||     1
